Map: 黄金之柱-天梯版

Players

iGXY (XY)

  • Race: Terran Terran

TIME (Oliveira) - Winner!

  • Race: Terran Terran

Event: DreamHack SC2 Masters 2020 Winter

VOD

Have the link to the VOD?

Description

Time

  • Played on: Nov. 1, 2020, 8:57 a.m.
  • Length: 8:25

All games in this series

Show
View Real Time Build Order
Export as new Build Order

iGXY Terran 

Build Orders: Banshee Rush 

Get SALT Encoding   

  12  0:00  SCV  
  13  0:12  SCV  
  14  0:18  Supply Depot  
  14  0:24  SCV  
  15  0:39  SCV  
  15  0:41  Barracks  
  16  0:45  Refinery  
  16  0:51  SCV  
  16  0:56  Refinery  
  17  1:03  SCV  
  18  1:15  SCV  
  19  1:28  Orbital Command, Reaper  
  19  1:30  Supply Depot  
  20  1:42  Factory  
  20  1:54  SCV  
  20  2:00  Reaper  
  22  2:06  SCV  
  23  2:18  SCV  
  24  2:23  Command Center  
  24  2:29  Hellion  
  26  2:30  SCV  
  26  2:34  Barracks Reactor  
  27  2:41  Starport  
  28  2:44  SCV  
  28  2:50  Factory Tech Lab  
  28  2:56  SCV  
  29  3:05  Supply Depot  
  29  3:08  SCV  
  30  3:15  Marine  
  31  3:23  Factory Tech Lab  
  31  3:25  Refinery  
  31  3:26  SCV  
  31  3:27  Banshee  
  33  3:28  Cloaking Field  
  36  3:34  Marine  
  36  3:35  Marine  
  36  3:39  Orbital Command  
  37  3:42  SCV  
  38  3:49  Cyclone  
  38  3:54  SCV  
  42  3:55  Marine  
  42  3:57  Marine  
  42  4:02  Supply Depot  
  44  4:04  SCV  
  44  4:06  SCV  
  46  4:12  Banshee  
  46  4:17  SCV  
  49  4:24  Marine  
  49  4:27  Siege Tank  
  49  4:31  SCV x2  
  56  4:42  Supply Depot  
  56  4:43  Supply Depot  
  55  4:47  SCV  
  52  4:59  SCV x2, Siege Tank  
  54  5:04  Raven  
  56  5:10  Barracks Reactor  
  56  5:11  SCV  
  57  5:17  SCV  
  57  5:19  Supply Depot  
  55  5:23  SCV  
  56  5:29  SCV  
  56  5:31  Siege Tank  
  56  5:35  SCV  
  61  5:37  Supply Depot  
  61  5:39  Command Center  
  61  5:43  SCV  
  61  5:46  Raven  
  61  5:47  SCV  
  65  5:53  Refinery  
  65  5:54  Marine x2  
  65  5:55  SCV  
  65  5:59  SCV  
  65  6:04  Siege Tank  
  69  6:07  SCV  
  69  6:11  Supply Depot, SCV  
  70  6:12  Marine x2  
  73  6:18  Barracks  
  73  6:19  SCV  
  73  6:20  Barracks  
  73  6:23  SCV  
  75  6:29  Marine x2  
  75  6:31  SCV  
  78  6:36  SCV, Siege Tank  
  74  6:43  SCV  
  69  6:47  Marine x2  
  69  6:51  SCV  
  68  6:59  SCV  
  68  7:01  Raven  
  68  7:03  SCV  
  68  7:05  Marine x2  
  68  7:06  Barracks Tech Lab  
  68  7:07  Barracks Tech Lab  
  68  7:08  Siege Tank  
  71  7:09  Engineering Bay  
  71  7:10  Engineering Bay  
  71  7:11  SCV  
  71  7:15  SCV  
  73  7:16  Barracks x2  
  71  7:23  Marine x2, SCV  
  71  7:24  SCV  
  71  7:27  SCV  
  74  7:36  SCV  
  75  7:39  SCV  
  75  7:40  Siege Tank  
  75  7:41  Marine x2  
  75  7:43  Supply Depot  
  67  7:58  Marine  
  67  7:59  Marine  
Show
View Real Time Build Order
Export as new Build Order

TIME Terran - Winner!

Build Orders:  

Get SALT Encoding   

  12  0:00  SCV  
  13  0:12  SCV  
  14  0:18  Supply Depot  
  14  0:25  SCV  
  15  0:39  SCV  
  15  0:41  Barracks  
  16  0:46  Refinery  
  16  0:51  SCV  
  16  0:55  Refinery  
  17  1:03  SCV  
  18  1:16  SCV  
  19  1:29  Orbital Command, Reaper  
  19  1:31  Supply Depot  
  20  1:44  Factory  
  20  1:55  SCV  
  21  2:01  Reaper  
  21  2:07  SCV  
  23  2:19  SCV  
  24  2:25  Command Center  
  24  2:31  Hellion  
  24  2:34  SCV  
  24  2:37  Barracks Reactor  
  27  2:45  Starport  
  27  2:48  SCV  
  28  2:53  Factory Tech Lab  
  28  2:56  Supply Depot  
  28  3:00  SCV  
  29  3:13  SCV  
  29  3:16  Marine  
  29  3:17  Marine, Siege Tank  
  35  3:22  Medivac  
  35  3:26  Refinery  
  37  3:28  SCV  
  37  3:34  Marine  
  38  3:37  Marine  
  40  3:41  Orbital Command  
  40  3:44  SCV  
  41  3:52  Cyclone  
  44  3:56  Starport Tech Lab  
  44  3:57  Marine  
  44  3:58  Marine  
  44  4:00  SCV  
  47  4:05  Supply Depot  
  47  4:08  SCV  
  48  4:13  Raven  
  48  4:16  SCV  
  51  4:20  SCV  
  51  4:23  Marine  
  53  4:28  SCV  
  53  4:30  Marine  
  55  4:31  Siege Tank  
  55  4:38  SCV  
  59  4:41  Marine  
  59  4:42  Supply Depot  
  60  4:45  Supply Depot  
  58  4:55  Marine  
  58  4:56  SCV  
  55  5:00  SCV  
  55  5:04  Raven  
  57  5:08  Siege Tank  
  57  5:11  Marine  
  60  5:16  SCV  
  60  5:18  SCV  
  61  5:25  Command Center  
  61  5:32  SCV x2  
  63  5:37  Supply Depot  
  63  5:41  Siege Tank  
  66  5:44  SCV  
  66  5:45  SCV  
  67  5:57  SCV  
  68  5:58  SCV  
  69  6:08  Refinery  
  69  6:09  SCV, Supply Depot  
  69  6:10  SCV  
  69  6:11  Marine, Stimpack  
  71  6:13  Viking  
  71  6:15  Viking  
  76  6:19  Siege Tank  
  76  6:21  SCV  
  76  6:22  SCV  
  79  6:33  SCV  
  79  6:39  SCV  
  77  6:42  Viking  
  71  6:48  SCV  
  71  6:53  Siege Tank, Viking  
  74  6:54  SCV  
  74  6:56  Marine, Orbital Command  
  74  6:58  Barracks  
  74  7:00  SCV  
  74  7:01  Barracks  
  75  7:06  SCV  
  76  7:12  SCV  
  76  7:15  Engineering Bay  
  77  7:17  Engineering Bay  
  77  7:18  SCV, Viking, Orbital Command  
  80  7:24  SCV  
  80  7:26  Siege Tank  
  80  7:27  Marine  
  80  7:28  Viking  
  86  7:30  SCV  
  87  7:39  SCV  
  88  7:46  SCV x2, Barracks Reactor  
  88  7:50  Supply Depot  
  88  7:51  SCV  
Tags
 
Add a new tag
Caveats
  • Supply blocks, unpowered buildings, or Contaminate may cause inaccurate times.
  • Supply counts are checked every 10 seconds.